 Dungeon Crawl Stone Soup version 0.29-a0-330-g52719c12eb (webtiles) character file.

Game seed: 11543023349141777167

155187 tilp the Phalangite (level 17, -7/141 HPs)
             Began as a Merfolk Gladiator on May 27, 2022.
             Was the Champion of Hepliaklqana.
             Mangled by a merfolk
             ... wielding a +0 spear
              (12 damage)
             ... on level 3 of the Shoals.
             The game lasted 00:59:47 (39285 turns).

tilp the Phalangite (Merfolk Gladiator)            Turns: 39285, Time: 00:59:48

Health: -7/141     AC: 16    Str: 28    XL:     17   Next: 64%
Magic:  23/23      EV: 19    Int: 10    God:    Hepliaklqana [******]
Gold:   3009       SH:  5    Dex: 15    Spells: 16/16 levels left

rFire   + . .      SeeInvis +   a - +7 glaive of the Flying Gods {vorpal, Fly rF+ SInv}
rCold   + . .      Faith    .   (shield currently unavailable)
rNeg    . . .      Spirit   .   V - +1 chain mail "Imier" {*Corrode rPois Str+4 Stlth+}
rPois   +          Reflect  +   K - +2 hat "Gudofev" {Str+4 Stlth+}
rElec   .          Harm     .   A - +0 cloak
rCorr   .          Rampage  .   r - +1 pair of gloves
Will    +....                   C - +2 pair of boots
Stlth   +++.......              Y - amulet of reflection
HPRegen 0.33/turn               s - ring of protection from cold
MPRegen 0.18/turn               D - +4 ring of evasion

@: corroded, flying, studying Evocations
A: reduced essence, (nimble swimmer 2), mertail
a: Renounce Religion, Recall Ancestor, Ancestor Identity, Transference, Idealise


You were on level 3 of the Shoals.
You worshipped Hepliaklqana.
Hepliaklqana was exalted by your worship.
You visited 5 branches of the dungeon, and saw 27 of its levels.
You also visited: Bailey and Ice Cave.

You collected 4073 gold pieces.
You spent 1064 gold pieces at shops.

Inventory:

Hand Weapons
 a - the +7 glaive of the Flying Gods (weapon) {vorpal, Fly rF+ SInv}
   (You acquired it on level 1 of the Lair of Beasts)

   It inflicts extra damage upon your enemies.
   rF:        It protects you from fire.
   SInv:      It lets you see invisible.
   Fly:       It grants you flight.
 b - a +6 bardiche of flaming
Missiles
 d - 8 throwing nets
 t - 61 boomerangs (quivered)
 B - 10 silver javelins
 E - 6 silver boomerangs
 G - 7 atropa-tipped darts
 I - 3 javelins
 L - 8 curare-tipped darts
 R - 4 datura-tipped darts
Armour
 r - a +1 pair of gloves (worn)
 x - a +3 chain mail of fire resistance
 A - a +0 cloak (worn)
 C - a +2 pair of boots (worn)
 K - the +2 hat "Gudofev" (worn) {Str+4 Stlth+}
   (You found it in a bailey)

   Str:       It affects your strength (+4).
   Stlth:     It makes you more stealthy.
 V - the +1 chain mail "Imier" (worn) {*Corrode rPois Str+4 Stlth+}
   (You found it on level 9 of the Dungeon)

   Str:       It affects your strength (+4).
   rPois:     It protects you from poison.
   *Corrode:  It may corrode you when you take damage.
   Stlth:     It makes you more stealthy.
Jewellery
 o - a ring of see invisible
 s - a ring of protection from cold (left hand)
 y - a ring of resist corrosion
 D - a +4 ring of evasion (right hand)
 Y - an amulet of reflection (around neck)
Wands
 q - a wand of paralysis (12)
 J - a wand of flame (23)
 N - a wand of charming (9)
 O - a wand of iceblast (48)
 Q - a wand of acid (13)
 T - a wand of polymorph (10)
 Z - a wand of mindburst (7)
Scrolls
 c - a scroll of immolation
 g - a scroll of holy word
 j - 2 scrolls of silence
 k - 2 scrolls of magic mapping
 p - 7 scrolls of fog
 z - 3 scrolls of teleportation
 M - a scroll of vulnerability
 P - 2 scrolls of torment
 W - 2 scrolls of blinking
Potions
 e - 5 potions of lignification
 f - 11 potions of flight
 h - 12 potions of attraction
 i - 4 potions of mutation
 l - a potion of resistance
 m - 2 potions of berserk rage
 n - 15 potions of curing
 u - 6 potions of haste
 w - 4 potions of cancellation
 F - 5 potions of ambrosia
 H - a potion of invisibility
 U - 7 potions of might
 X - 3 potions of heal wounds
Miscellaneous
 v - a phial of floods
 S - a box of beasts


   Skills:
 + Level 20.8 Fighting
 + Level 21.1 Polearms
 - Level 6.0 Throwing
 + Level 7.5 Armour
 + Level 14.1 Dodging
 - Level 8.0 Stealth
 - Level 8.0 Invocations
 + Level 11.8 Evocations


You had 16 spell levels left.
You didn't know any spells.
Your spell library contained the following spells:

 Spells                   Type           Power      Damage    Failure   Level
 Animate Skeleton         Necr           0%         N/A       87%         1
 Foxfire                  Conj/Fire      0%         2x1d4     87%         1
 Magic Dart               Conj           0%         1d3       87%         1
 Pain                     Necr           0%         1d4       87%         1
 Call Imp                 Summ           0%         N/A       95%         2
 Scorch                   Fire           0%         2d5       95%         2
 Static Discharge         Conj/Air       0%         N/A       95%         2
 Sublimation of Blood     Necr           0%         N/A       95%         2
 Wereblood                Tmut           0%         N/A       95%         2
 Conjure Flame            Conj/Fire      0%         6-21      99%         3
 Dazzling Flash           Conj/Hex       0%         N/A       99%         3
 Frozen Ramparts          Ice            0%         1d2       99%         3
 Ignite Poison            Fire/Tmut/Pois 0%         N/A       99%         3
 Inner Flame              Hex/Fire       0%         N/A       99%         3
 Mephitic Cloud           Conj/Pois/Air  0%         N/A       99%         3
 Stone Arrow              Conj/Erth      0%         3d7       99%         3
 Vampiric Draining        Necr           0%         2d6       99%         3
 Animate Armour           Summ/Erth      0%         N/A       100%        4
 Dispel Undead            Necr           0%         3d6       100%        4
 Flame Wave               Conj/Fire      0%         2d4       100%        4
 Ice Form                 Ice/Tmut       0%         N/A       100%        4
 Iskenderun's Mystic Bla  Conj/Tloc      0%         2d3       100%        4
 Sticky Flame             Conj/Fire      0%         2d3       100%        4
 Summon Ice Beast         Ice/Summ       0%         N/A       100%        4
 Fireball                 Conj/Fire      0%         3d3       100%        5
 Iskenderun's Battlesphe  Conj           0%         2d6       100%        5
 Conjure Ball Lightning   Conj/Air       0%         3x3d6     100%        6
 Starburst                Conj/Fire      0%         6d3       100%        6
 Summon Cactus Giant      Summ           0%         N/A       100%        6
 Malign Gateway           Summ/Tloc      0%         N/A       100%        7
 Orb of Destruction       Conj           0%         9d5       100%        7
 Summon Hydra             Summ           0%         N/A       100%        7
 Lehudib's Crystal Spear  Conj/Erth      0%         10d2      100%        8
 Summon Horrible Things   Summ           0%         N/A       100%        8


Dungeon Overview and Level Annotations

Branches:
Dungeon (15/15)            Temple (1/1) D:4            Lair (6/6) D:9
 Shoals (3/4) Lair:2       Spider (0/4) Lair:3        Slime (0/5) Lair:6
    Orc (2/2) D:9             Elf (0/3) Orc:2        Vaults (0/5) D:13
 Depths (0/4) D:15         Bailey (visited)           IceCv (visited)

Altars:
Ashenzari
Cheibriados
Dithmenos
Elyvilon
Fedhas
Gozag
Hepliaklqana
Kikubaaqudgha
Makhleb
Nemelex Xobeh
Okawaru
Qazlal
Ru
Sif Muna
Trog
Uskayaw
Vehumet
Wu Jian
Xom
Yredelemnul
Zin
The Shining One

Shops:
D:11 :   Orc:2 ([*=   Shoals:2 (

Annotations:
Lair:6 exclusion: 4 oklob plants
Shoals:3 Mara


Innate Abilities, Weirdness & Mutations

Your life essence is reduced to manifest your ancestor. (-10% HP)
((You are very nimble when in or above water. (Stealth+, EV+, Speed+++)))
Your lower body shifts to a powerful aquatic tail in water.


Message History

Reach: a) +7 glaive of the Flying Gods {vorpal, Fly rF+ SInv}
Press: ? - help, Dir - move target, f/p - merfolk
Aim: a merfolk, wielding a +0 trident of protection and quivering boomerangs (moderately wounded, about 28% to evade the +7 glaive of the Flying Gods)
You reach to attack!
You slice the merfolk!!
The merfolk is almost dead.
The merfolk barely misses you. The merfolk misses you.
The merfolk hits you but does no damage.
Reach: a) +7 glaive of the Flying Gods {vorpal, Fly rF+ SInv}
Press: ? - help, Dir - move target, f/p - merfolk
Aim: a merfolk, wielding a +0 trident of protection and quivering boomerangs (almost dead, about 28% to evade the +7 glaive of the Flying Gods)
You reach to attack!
You hit the merfolk.
You kill the merfolk!
You hear a splash. x2
The merfolk closely misses you.
The merfolk hits you from afar with a +0 trident!
* * * LOW HITPOINT WARNING * * *
The merfolk hits you but does no damage.
Reach: a) +7 glaive of the Flying Gods {vorpal, Fly rF+ SInv}
Press: ? - help, Dir - move target, f - merfolk
Aim: a merfolk, wielding a +0 spear (severely wounded, lightly drained, about 28% to evade the +7 glaive of the Flying Gods)
You reach to attack!
You slice the merfolk!!
You kill the merfolk!
You hear a splash.
Reach: a) +7 glaive of the Flying Gods {vorpal, Fly rF+ SInv}
Press: ? - help, Dir - move target, f - merfolk
Aim: a merfolk, wielding a +0 trident of flaming (about 28% to evade the +7 glaive of the Flying Gods)
You reach to attack!
You barely miss the merfolk. The merfolk closely misses you.
The merfolk hits you but does no damage.
The merfolk hits you from afar with a +0 trident of flaming!
* * * LOW HITPOINT WARNING * * *
The merfolk burns you.
* * * LOW HITPOINT WARNING * * *
Reach: a) +7 glaive of the Flying Gods {vorpal, Fly rF+ SInv}
Press: ? - help, Dir - move target, f/p - merfolk
Aim: a merfolk, wielding a +0 trident of flaming (about 28% to evade the +7 glaive of the Flying Gods)
You reach to attack!
You slice the merfolk!!
The merfolk is heavily wounded.
The merfolk hits you from afar with a +0 spear!
You die...

≈≈≈≈≈≈≈≈≈≈≈P...
≈≈≈≈≈≈≈≈≈≈P....
≈≈≈≈≈≈≈≈≈≈...P#
≈≈≈≈≈≈≈≈≈PPPPP#.
≈≈≈≈≈≈≈≈≈PP.PPP≈.
.≈≈≈≈≈≈≈≈P...!^≈≈
...≈≈≈)mm...PPP≈. #..≈≈≈≈≈...
####### #@..≈≈≈≈P..
###.....####.m.≈≈≈≈≈#
##.........##..≈≈≈≈≈###.>≈≈≈
#...(.≈≈≈...##.≈≈≈≈≈≈≈≈≈≈≈≈≈
##...≈≈≈≈≈≈.R..≈≈≈≈≈≈≈≈≈≈≈≈≈≈≈
#...≈≈≈≈≈≈≈≈≈≈≈≈≈≈≈≈≈≈.≈≈≈≈≈≈≈
#....≈≈≈≈≈≈≈≈≈≈≈≈≈≈≈≈≈..≈≈≈≈≈≈
##....≈≈≈≈≈.....≈≈≈≈≈≈≈..≈≈≈≈≈
##....≈≈≈.†.##.≈≈≈≈≈≈≈..≈≈≈≈≈


You could see 3 merfolk.

Vanquished Creatures
  A kraken (Shoals:1)
  The ghost of Leosebu the Warrior, an adept DjCj of Ashenzari (Orc:2)
  An orc warlord (Orc:2)
  A reaper (IceCv)
  An elemental wellspring (Shoals:1)
  Nessos (Lair:4)
  A minotaur (Orc:2)
  2 merfolk javelineers
  An ettin (D:15)
  4 merfolk impalers
  7 boulder beetles
  9 hydras
  2 ogre magi
  2 catoblepae (D:14)
  An anaconda (Lair:4)
  2 merfolk avatars (Shoals:2)
  3 alligator snapping turtles
  A death yak (Lair:3)
  9 two-headed ogres
  2 merfolk aquamancers (Shoals:2)
  5 centaur warriors
  2 satyrs
  4 tengu warriors
  2 deep elf knights (Orc:2)
  Sonja (D:13)
  2 orc high priests (Orc:2)
  A hell knight (D:15)
  Lodul (D:12)
  7 sea snakes
  A deep troll (D:15)
  3 bog bodies (Shoals:2)
  A wizard (D:15)
  A wolf spider (D:15)
  10 harpies
  A harpy (shapeshifter) (D:15)
  5 orc knights (Orc:2)
  6 orc sorcerers
  2 deep elf pyromancers
  13 manticores
  2 ugly things (D:12)
  7 fauns
  3 cyclopes (D:11)
  22 elephants
  Maurice (D:12)
  9 merfolk sirens
  9 water nymphs
  8 black mambas
  13 cane toads
  A torpor snail (Lair:4)
  2 gargoyles
  4 kobold demonologists
  6 rime drakes
  An unseen horror (D:8)
  10 komodo dragons
  2 entropy weaver simulacra (IceCv)
  An anaconda simulacrum (IceCv)
  16 merfolk
  3 trolls
  13 polar bears
  17 blink frogs
  4 wind drakes
  2 raiju (Lair:6)
  A polar bear (shapeshifter) (D:14)
  Grinder (D:6)
  A hornet (shapeshifter) (D:13)
  6 dream sheep (Lair:6)
  9 slime creatures
  5 snapping turtles
  A vampire (D:11)
  6 water elementals
  7 basilisks
  49 yaks
  A wyvern (D:7)
  A shadow (D:9)
  2 vampire mosquitoes (D:14)
  5 wargs (Lair:6)
  6 death yak simulacra
  A harpy simulacrum (IceCv)
  3 acid dragons
  11 hell hounds (Lair:6)
  Duvessa (D:4)
  20 water moccasins
  The ghost of PaleRider the Magician, an amateur SpCj (D:3)
  34 orc warriors
  17 black bears
  2 ice beasts (D:6)
  32 wolves
  12 ogres
  10 centaurs
  A phantom (D:6)
  The ghost of marpa the Grave Robber, an amateur DsNe (D:3)
  11 kobold brigands
  Blork the orc (D:6)
  10 bullfrogs
  8 scorpions
  A gnoll sergeant (D:9)
  5 two-headed ogre simulacra (IceCv)
  3 cane toad simulacra
  7 wights
  Dowan (D:4)
  2 elephant simulacra
  5 killer bees (D:10)
  6 howler monkeys
  2 electric eels (Lair:6)
  5 hounds
  20 orc priests
  4 iguanas
  24 orc wizards
  2 hell rats (Lair:4)
  6 spriggan simulacra (IceCv)
  3 troll simulacra (IceCv)
  4 polar bear simulacra (IceCv)
  3 wolf simulacra
  Robin (D:2)
  10 gnolls
  6 adders
  5 naga simulacra (IceCv)
  7 river rats (Lair:4)
  2 shadow imps
  6 white imps
  4 ufetubi (IceCv)
  5 worms
  2 dart slugs (D:3)
  79 orcs
  10 endoplasms
  2 giant cockroaches
  14 goblins
  9 hobgoblins
  4 jackals (D:1)
  3 quokkas
  9 ball pythons
  5 bats
  4 frilled lizards
  32 kobolds
  17 rats
  A spectral orc (D:7)
  2 tentacles (Shoals:1)
895 creatures vanquished.

Vanquished Creatures (collateral kills)
  2 hydras
  An alligator snapping turtle (Shoals:3)
  4 two-headed ogres
  An orc high priest (Orc:2)
  A sea snake (Shoals:1)
  A wizard (D:15)
  An orc sorcerer (Orc:1)
  A merfolk siren (Shoals:2)
  A black mamba (Lair:4)
  4 elephants
  An ice statue (IceCv)
  2 cane toads
  A komodo dragon (D:12)
  5 polar bears
  2 merfolk
  2 blink frogs (Lair:3)
  6 slime creatures
  A shadow (D:11)
  3 yaks
  A vampire mosquito (D:14)
  A warg (Lair:6)
  2 hell hounds (Lair:6)
  5 orc warriors
  2 black bears (Lair:6)
  An ogre (D:15)
  7 wolves
  4 orc priests (Orc:2)
  5 orc wizards
  A spriggan simulacrum (IceCv)
  A naga simulacrum (IceCv)
  A river rat (Lair:4)
  15 orcs
  A rat (Lair:4)
87 creatures vanquished.

Vanquished Creatures (others)
  A komodo dragon (Lair:3)
  A water elemental (Shoals:2)
  18 hexers
  9 ancestors
  18 fungi
  157 plants
  5 tentacles (Shoals:1)
209 creatures vanquished.

Grand Total: 1191 creatures vanquished

Notes
Turn   | Place    | Note
-------+----------+-------------------------------------------
     0 | D:1      | tilp the Merfolk Gladiator began the quest for the Orb.
     0 | D:1      | Reached XP level 1. HP: 16/16 MP: 1/1
   230 | D:1      | Reached skill level 1 in Stealth
   230 | D:1      | Reached XP level 2. HP: 23/23 MP: 2/2
   702 | D:1      | Found a faded altar of an unknown god.
   783 | D:1      | Reached XP level 3. HP: 28/28 MP: 3/3
  1476 | D:2      | Identified the +5 hunting sling "Sapa" {venom, *Corrode
                  | rPois Int+3 Dex+2}
  1592 | D:2      | Found a stormy altar of Qazlal.
  1626 | D:2      | Noticed Robin
  2181 | D:2      | Reached XP level 4. HP: 35/35 MP: 4/4
  2201 | D:2      | Reached skill level 5 in Polearms
  2909 | D:2      | Found a stormy altar of Qazlal.
  3254 | D:2      | Killed Robin
  3697 | D:3      | Found a sacrificial altar of Ru.
  3744 | D:3      | Reached XP level 5. HP: 39/42 MP: 5/5
  3773 | D:3      | Found a runed translucent gate.
  3774 | D:3      | Found a runed translucent gate.
  3775 | D:3      | Found a runed translucent gate.
  3776 | D:3      | Noticed marpa's ghost (amateur DsNe)
  3777 | D:3      | Noticed PaleRider's ghost (amateur SpCj)
  3993 | D:3      | You fall into a shaft and drop 1 floor!
  4069 | D:4      | Noticed an ogre
  4075 | D:4      | Killed an ogre
  4076 | D:4      | Reached skill level 6 in Polearms
  4076 | D:4      | Reached XP level 6. HP: 48/48 MP: 6/6
  4616 | D:4      | Reached skill level 7 in Polearms
  4954 | D:4      | Noticed Dowan
  4955 | D:4      | Noticed Duvessa
  4975 | D:4      | Killed Duvessa
  4976 | D:4      | Reached skill level 8 in Polearms
  4976 | D:4      | Reached XP level 7. HP: 39/54 MP: 7/7
  4976 | D:4      | Killed Dowan
  5187 | D:4      | Found a staircase to the Ecumenical Temple.
  5197 | Temple   | Entered the Ecumenical Temple
  5831 | D:5      | Entered Level 5 of the Dungeon
  6341 | D:5      | Reached XP level 8. HP: 61/61 MP: 8/8
  6444 | D:5      | Reached skill level 5 in Dodging
  6593 | D:5      | Reached skill level 5 in Fighting
  6772 | D:5      | Found a shadowy altar of Dithmenos.
  6772 | D:5      | Found a blossoming altar of Fedhas.
  6776 | D:5      | Found a basalt altar of Yredelemnul.
  6784 | D:5      | Found a snail-covered altar of Cheibriados.
  6788 | D:5      | Found a shimmering altar of Xom.
  6795 | D:5      | Found a white marble altar of Elyvilon.
  6795 | D:5      | Found an iron altar of Okawaru.
  6797 | D:5      | Found a glowing silver altar of Zin.
  6799 | D:5      | Found a hide-covered altar of Uskayaw.
  6850 | D:5      | Reached skill level 9 in Polearms
  6945 | D:6      | Reached skill level 5 in Throwing
  7535 | D:6      | Found a broken altar of Ashenzari.
  7633 | D:6      | Reached skill level 10 in Polearms
  7636 | D:6      | Reached XP level 9. HP: 69/69 MP: 9/9
  7652 | D:6      | Reached skill level 1 in Evocations
  7740 | D:6      | Noticed Blork the orc
  7747 | D:6      | Killed Blork the orc
  7886 | D:6      | Noticed Grinder
  7891 | D:6      | Killed Grinder
  8330 | D:7      | Reached skill level 11 in Polearms
  8980 | D:7      | Found a hazy altar of Hepliaklqana.
  8994 | D:7      | Became a worshipper of Hepliaklqana the Forgotten
  9205 | D:7      | Identified a scroll of acquirement
  9205 | D:7      | Acquired a manual of Polearms
  9291 | D:8      | Reached skill level 12 in Polearms
  9298 | D:8      | Found a flagged portal.
  9303 | Bailey   | Entered a bailey
  9381 | Bailey   | Reached skill level 13 in Polearms
  9538 | Bailey   | Identified the +2 hat "Gudofev" {Str+4 Stlth+}
  9554 | Bailey   | Reached XP level 10. HP: 64/76 MP: 10/10
  9561 | Bailey   | Reached skill level 14 in Polearms
  9582 | Bailey   | Reached skill level 15 in Polearms
  9984 | Bailey   | Found a burning altar of Makhleb.
 10038 | D:8      | Identified the +3 ring mail "Icsozu" {Contam rElec rN+
                  | Int+2}
 10063 | D:8      | Reached skill level 16 in Polearms
 10243 | D:8      | Noticed a manticore
 10253 | D:8      | Killed a manticore
 10254 | D:8      | Reached skill level 1 in Armour
 10254 | D:8      | Reached skill level 1 in Invocations
 10421 | D:8      | Killed an unseen horror
 11386 | D:9      | Found a staircase to the Orcish Mines.
 11514 | D:9      | Noticed a kobold demonologist
 11514 | D:9      | Noticed a kobold demonologist
 11516 | D:9      | Noticed a kobold demonologist
 11530 | D:9      | Killed a kobold demonologist
 11531 | D:9      | Killed a kobold demonologist
 11532 | D:9      | Reached XP level 11. HP: 71/84 MP: 13/13
 12118 | D:9      | Reached * piety under Hepliaklqana
 12212 | D:9      | Found a staircase to the Lair.
 12555 | D:9      | Noticed a tengu warrior
 12567 | D:9      | Killed a tengu warrior
 12854 | D:9      | Identified the +1 chain mail "Imier" {*Corrode rPois Str+4
                  | Stlth+}
 12877 | D:10     | Entered Level 10 of the Dungeon
 13599 | D:10     | Found an ornate altar of the Wu Jian Council.
 13855 | D:11     | Noticed a two-headed ogre
 13855 | D:11     | Noticed a cyclops
 13858 | D:11     | Killed a cyclops
 13863 | D:11     | Reached skill level 10 in Fighting
 13868 | D:11     | Killed a two-headed ogre
 13977 | D:11     | Noticed a two-headed ogre
 13985 | D:11     | Killed a two-headed ogre
 14319 | D:11     | Reached ** piety under Hepliaklqana
 14328 | D:11     | Noticed a cyclops
 14338 | D:11     | Killed a cyclops
 14554 | D:11     | Found an iron altar of Okawaru.
 14558 | D:11     | Found Abefyiq's Book Shoppe.
 14788 | D:11     | Noticed a cyclops
 14802 | D:11     | Killed a cyclops
 15115 | Lair:1   | Entered Level 1 of the Lair of Beasts
 15120 | Lair:1   | Reached skill level 5 in Evocations
 15120 | Lair:1   | Reached XP level 12. HP: 88/88 MP: 15/15
 15527 | Lair:1   | Noticed a six-headed hydra
 15543 | Lair:1   | Killed a 14-headed hydra
 15676 | Lair:1   | Reached skill level 5 in Armour
 16093 | Lair:1   | Acquired the +7 glaive of the Flying Gods {vorpal, Fly rF+
                  | SInv}
 16283 | Lair:1   | Reached skill level 10 in Dodging
 16761 | Lair:2   | Noticed an eight-headed hydra
 16766 | Lair:2   | Killed an 11-headed hydra
 16928 | Lair:2   | Found a staircase to the Shoals.
 16951 | Lair:2   | Noticed a boulder beetle
 16962 | Lair:2   | Killed a boulder beetle
 17040 | Lair:2   | Reached *** piety under Hepliaklqana
 17259 | Lair:2   | Reached skill level 17 in Polearms
 17694 | Lair:3   | Noticed a death yak
 17701 | Lair:3   | Reached XP level 13. HP: 52/96 MP: 16/16
 18068 | Lair:3   | Found a hole to the Spider Nest.
 18098 | Lair:3   | Reached skill level 18 in Polearms
 18672 | Lair:3   | HP: 4/97 [nine-headed hydra (4)]
 18674 | Lair:3   | Reached skill level 19 in Polearms
 18772 | Lair:3   | Reached skill level 20 in Polearms
 19085 | Lair:3   | Remembered your ancestor Cuahtemoc as a hexer
 20036 | Lair:4   | Noticed Nessos
 20042 | Lair:4   | Killed Nessos
 20220 | Lair:4   | Reached XP level 14. HP: 108/108 MP: 17/17
 20393 | Lair:4   | Reached skill level 15 in Fighting
 20701 | Lair:4   | Reached skill level 5 in Stealth
 20764 | Lair:5   | Reached **** piety under Hepliaklqana
 21650 | Lair:6   | Entered Level 6 of the Lair of Beasts
 21673 | Lair:6   | Found a frozen archway.
 21707 | IceCv    | Entered an ice cave
 21994 | IceCv    | Noticed a reaper
 22016 | IceCv    | Killed a reaper
 23325 | Lair:6   | Reached ***** piety under Hepliaklqana
 23398 | Lair:6   | Reached XP level 15. HP: 120/120 MP: 18/18
 23495 | Lair:6   | Found a staircase to the Slime Pits.
 24388 | Lair:6   | Reached skill level 5 in Invocations
 24655 | Orc:1    | Entered Level 1 of the Orcish Mines
 24759 | Orc:2    | Entered Level 2 of the Orcish Mines
 25035 | Orc:2    | Found a staircase to the Elven Halls.
 25349 | Orc:2    | Found a runed translucent gate.
 25359 | Orc:2    | Found a runed translucent gate.
 25359 | Orc:2    | Found a runed translucent gate.
 25361 | Orc:2    | Noticed Leosebu's ghost (adept DjCj)
 25367 | Orc:2    | Found an iron altar of Okawaru.
 25799 | Orc:2    | Noticed an orc warlord
 26667 | Orc:2    | Killed an orc warlord
 26981 | Orc:2    | Found Ybbaff's Antique Armour Shoppe.
 26982 | Orc:2    | Found Cakun's Antique Weapon Emporium.
 26984 | Orc:2    | Found Xesi's General Store.
 26984 | Orc:2    | Found Tatun's Jewellery Shoppe.
 27168 | Orc:2    | Bought a scroll of identify for 26 gold pieces
 27317 | Orc:2    | Bought a brightly glowing scale mail for 288 gold pieces
 27317 | Orc:2    | Identified the +0 scale mail of Negation {Harm} (You bought
                  | it in a shop on level 2 of the Orcish Mines)
 27317 | Orc:2    | Bought a runed chain mail for 240 gold pieces
 27317 | Orc:2    | Bought a runed helmet for 240 gold pieces
 27461 | Orc:2    | Bought a ring of see invisible for 270 gold pieces
 27702 | D:12     | Noticed Maurice
 27708 | D:12     | Killed Maurice
 27767 | D:12     | Found Erho's Antique Weapon Boutique.
 27862 | D:12     | Noticed Lodul
 27874 | D:12     | Killed Lodul
 27885 | D:12     | Reached skill level 10 in Evocations
 29030 | D:13     | Reached XP level 16. HP: 132/132 MP: 20/20
 29095 | D:13     | Found an ancient bone altar of Kikubaaqudgha.
 29323 | D:13     | Found a gate to the Vaults.
 29581 | D:13     | Noticed Sonja
 29582 | D:13     | Killed Sonja
 30427 | D:14     | Found a glowing silver altar of Zin.
 30601 | D:15     | Entered Level 15 of the Dungeon
 31401 | D:15     | Found a staircase to the Depths.
 31472 | D:15     | Reached ****** piety under Hepliaklqana
 32576 | Orc:2    | Killed Leosebu's ghost
 33887 | D:3      | Killed PaleRider's ghost
 33890 | D:3      | Killed marpa's ghost
 34197 | Shoals:1 | Entered Level 1 of the Shoals
 35468 | Shoals:1 | Noticed a kraken
 35480 | Shoals:1 | Killed a kraken
 35504 | Shoals:1 | Reached XP level 17. HP: 104/140 MP: 22/22
 37286 | Shoals:2 | Found Yreqauto's Antique Weapon Boutique.
 37742 | Shoals:2 | Acquired a manual of Evocations
 38481 | Shoals:3 | Reached skill level 21 in Polearms
 38762 | Shoals:3 | Noticed Mara
 38767 | Shoals:3 | Noticed tilp's illusion
 39284 | Shoals:3 | HP: 7/141 [merfolk/+0 trident of flaming (8)]
 39285 | Shoals:3 | Mangled by a merfolk

Illustrated notes

Levels and vault maps discovered:
D:1:      dpeg_arrival_brainrot, layout_loops_corners,
          dilly_ecumenical_altar_fadedgnrine
D:2:      layout_basic, basic_altar, serial_bayou_ford_a, uniq_robin
D:3:      layout_rooms, lemuel_crystal_altar, gammafunk_ghost_cemetery
D:4:      layout_basic, minmay_temple_entry_fiery, minmay_misc_feat_encased,
          uniq_duvessa
D:5:      layout_basic, nicolae_overflow_hallway_of_the_gods,
          mainiacjoe_overflow_boulevard, sigmund_army
D:6:      layout_loops_ring, cheibrodos_ashenzari_chains, uniq_blork_the_orc,
          uniq_grinder
D:7:      layout_rooms, nicolae_hepliaklqana_monster_ancestors
D:8:      wad_crossroads, layout_basic, enter_bailey_4
D:9:      layout_rooms, david_lair_shrubbed, orc_0_dummy, wad_mini_maze
D:10:     layout_roguey, pdpol_wu_jian_five_deadly_venoms, bh_walls_and_bars
D:11:     layout_small_grid, serial_shops, shop, okawaru_metal_pillars_3
D:12:     layout_stronghold, serial_shops, nicolae_shop_advertising_works
          [nicolae_subvault_shop_adworks], uniq_lodul, uniq_maurice
D:13:     layout_cave_pools, david_vaults_2,
          nicolae_kikubaaqudgha_miasma_corner, uniq_sonja
D:14:     layout_roguey, zin_angel, kennysheep_boxes
D:15:     hangedman_depths_entry_civil_slaughter, layout_basic,
          chequers_serial_rivers_micro_d, grunt_ministairs_6
Temple:   nicolae_temple_figure_zero
Lair:1:   layout_chaotic_city, infiniplex_staircase_pool_2, grunt_megastairs_2
Lair:2:   layout_concentric_octagons, elwin_shoals_entry_rocks,
          nzn_sisyphean_effort
Lair:3:   beast_lair_carwin_large_4, layout_cave_shapes,
          nicolae_spider_entry_non_spiders, grunt_megastairs_3
Lair:4:   nzn_winding_woodlands_cross
          [nzn_winding_woodlands_5x15_pathside_ponds,
          nzn_winding_woodlands_5x15_longhouse,
          nzn_winding_woodlands_5x15_crooked,
          nzn_winding_woodlands_5x15_concentric,
          nzn_winding_woodlands_15x15_killbox], layout_hall_layers,
          kennysheep_abandoned_house, uniq_nessos
Lair:5:   layout_cave_pods, lemuel_old_faithful, lemuel_fruit_tree,
          grunt_megastairs_5
Lair:6:   hangedman_lair_caniforms_friends, layout_regular_city,
          minmay_slime_entry_oklob_open, portal_ice_cave_entry_ice_simulacra,
          nicolae_lair_grazing_beasts [nicolae_sub_lair_graze_edge,
          nicolae_sub_lair_graze_edge, nicolae_sub_lair_graze_edge,
          nicolae_sub_lair_graze_edge], infiniplex_staircase_pool
Shoals:1: layout_shoals, nicolae_shoals_spring_well_temple
Shoals:2: layout_shoals, serial_shops, nicolae_shop_waterfront,
          nicolae_shoals_secluded_bog
Shoals:3: layout_shoals, nicolae_shoals_goliath_grotto, uniq_ilsuiw,
          uniq_polyphemus, uniq_mara
Orc:1:    layout_diamond_mine
Orc:2:    st_orc_congregation, layout_caves, gammafunk_ghost_fury_of_okawaru,
          minmay_orc_barracks

Skill      XL: |  1  2  3  4  5  6  7  8  9 10 11 12 13 14 15 16 17 |
---------------+----------------------------------------------------+-----
Stealth        | 1 2 4 6 8 |  8.0
Fighting       | 3 4 6 7 10 11 14 17 19 20 | 20.8
Polearms       | 5 6 8 10 13 16 17 20 21 | 21.1
Throwing       | 3 4 6 |  6.0
Dodging        | 6 7 8 10 12 13 14 | 14.1
Evocations     | 4 5 7 8 10 11 | 11.8
Armour         | 2 4 6 7 |  7.5
Invocations    | 3 4 6 7 8 |  8.0

Action                   |  1- 3 |  4- 6 |  7- 9 | 10-12 | 13-15 | 16-18 || total
-------------------------+-------+-------+-------+-------+-------+-------++-------
Melee: Trident           |   105 |   125 |       |       |     4 |       ||   234
       Tailslap          |     1 |       |     1 |       |       |       ||     2
       Punch             |       |     1 |       |       |       |       ||     1
       Halberd           |       |    48 |   284 |   455 |       |       ||   787
       Glaive            |       |       |       |    72 |  1058 |   601 ||  1731
Throw: Stone             |       |    59 |     1 |       |       |       ||    60
       Dart              |       |     6 |     3 |     5 |    11 |       ||    25
       Javelin           |       |     2 |     1 |     1 |       |       ||     4
       Throwing net      |       |     3 |       |       |     3 |     2 ||     8
       Boomerang         |       |     1 |     1 |     1 |     5 |    11 ||    19
Invok: Ancestor Identity |       |       |       |     1 |       |       ||     1
       Ancestor Life: He |       |       |       |       |     1 |       ||     1
       Recall Ancestor   |       |       |       |       |       |     1 ||     1
Evoke: Wand              |       |       |       |     1 |     5 |     1 ||     7
  Use: Scroll            |     7 |     4 |     8 |    10 |     8 |    11 ||    48
       Potion            |       |     3 |     2 |       |     1 |     3 ||     9
 Stab: Sleeping          |     7 |     1 |     8 |     9 |    11 |    11 ||    47
       Fleeing           |       |     1 |       |       |       |       ||     1
       Distracted        |       |       |     2 |     3 |    12 |    12 ||    29
       Paralysed         |       |       |       |     5 |    34 |    27 ||    66
       Confused          |       |       |       |       |    10 |     5 ||    15
Armor: Leather armour    |     9 |       |       |       |       |       ||     9
       Ring mail         |    12 |    28 |    55 |    74 |       |       ||   169
       Chain mail        |       |       |       |    64 |   274 |   154 ||   492
Dodge: Dodged            |    58 |    85 |   115 |   239 |   497 |   410 ||  1404
Block: Other             |       |       |       |       |       |    95 ||    95
       Reflection        |       |       |       |       |       |    10 ||    10

Table legend: (Time is in decaauts)
 A = Elapsed time spent in this place.
 B = Non-inter-level travel time spent in this place.
 C = Inter-level travel time spent in this place.
 D = Time resting spent in this place.
 E = Time spent auto-exploring this place.
 F = Levels seen in this place.
 G = Mean time per level.
                   A        B        C        D        E       F      G
               +--------+--------+--------+--------+--------+-----+--------+
         Total |  38260 |  35542 |   2718 |   6968 |  23325 |  29 | 1319.3 |
       Dungeon |  20022 |  18265 |   1757 |   2496 |  13410 |  15 | 1334.8 |
        Temple |    123 |    113 |     10 |      0 |    111 |   1 |  123.0 |
          Lair |   8807 |   8363 |    444 |   2277 |   4739 |   6 | 1467.8 |
        Shoals |   4300 |   4215 |     85 |    892 |   2699 |   3 | 1433.3 |
  Orcish Mines |   3598 |   3177 |    421 |    814 |   1831 |   2 | 1799.0 |
        Bailey |    686 |    686 |      0 |    423 |     64 |   1 |  686.0 |
      Ice Cave |    720 |    720 |      0 |     65 |    469 |   1 |  720.0 |
               +--------+--------+--------+--------+--------+-----+--------+

Top non-repeatable levels by time:
   Orc:2: 2935 daAuts
Shoals:2: 2118 daAuts
  Lair:6: 2051 daAuts
     D:9: 1978 daAuts
Shoals:1: 1751 daAuts
     D:1: 1721 daAuts
  Lair:3: 1666 daAuts
  Lair:1: 1651 daAuts
     D:2: 1626 daAuts
    D:15: 1408 daAuts
    D:14: 1403 daAuts
  Lair:2: 1403 daAuts
    D:12: 1362 daAuts
     D:4: 1338 daAuts
     D:8: 1326 daAuts
